 Dungeon Crawl Stone Soup version 0.29.1-12-g30fa7ad0bf (webtiles) character file.

Game seed: 8285061249332678265

221 112233 the Grave Robber (level 5, -5/35 HPs)
             Began as a Mummy Necromancer on Dec 17, 2022.
             Was an Initiate of Gozag.
             Shot with an arrow by a centaur (13 damage)
             ... on level 5 of the Dungeon.
             The game lasted 00:04:01 (4576 turns).

112233 the Grave Robber (Mummy Necromancer)         Turns: 4576, Time: 00:04:02

Health: -5/35      AC:  3    Str: 11    XL:     5   Next: 65%
Magic:  12/12      EV: 12    Int: 16    God:    Gozag
Gold:   152        SH:  0    Dex: 13    Spells: 10/14 levels left

rFire   x . .      SeeInvis .   j - +2 whip (drain)
rCold   + . .      Faith    .   (no shield)
rNeg    + + +      Spirit   .   a - +0 robe
rPois   ∞          Reflect  .   (no helmet)
rElec   .          Harm     .   (no cloak)
rCorr   .          Rampage  .   (no gloves)
Will    .....                   l - +0 pair of boots
Stlth   ++........              (no amulet)
HPRegen 0.11/turn               (no ring)
MPRegen 0.13/turn               (no ring)

@: no status effects
A: cold resistance 1, negative energy resistance 3, torment resistance 2, heat
vulnerability 1, in touch with death 1, no potions
a: Renounce Religion, Potion Petition, Call Merchant, Bribe Branch


You were on level 5 of the Dungeon.
You worshipped Gozag.
Gozag was aware of your devotion.
You visited 2 branches of the dungeon, and saw 7 of its levels.

You collected 217 gold pieces.
You paid 65 gold pieces to Gozag.

Inventory:

Hand Weapons
 b - a +1 dagger of protection
 j - a +2 whip of draining (weapon)
Missiles
 k - 6 javelins
Armour
 a - a +0 robe (worn)
 l - a +0 pair of boots (worn)
Scrolls
 c - 3 scrolls of enchant weapon
 d - a scroll of poison
 e - 5 scrolls of identify
 f - 2 scrolls of amnesia
 h - 2 scrolls of fear {unknown}
 i - 3 scrolls of teleportation {unknown}


   Skills:
 - Level 1.9 Dodging
 - Level 2.0 Stealth
 + Level 5.2 Spellcasting
 + Level 5.4 Necromancy


You had 10 spell levels left.
You knew the following spells:

 Your Spells              Type           Power      Damage    Failure   Level
a - Necrotise             Necr           100%       1d9       1%          1
b - Vampiric Draining     Necr           32%        2d8       4%          3

Your spell library contained the following spells:

 Spells                   Type           Power      Damage    Failure   Level
 Magic Dart               Conj           16%        1d3       16%         1
 Sandblast                Erth           8%         2d5       16%         1
 Call Imp                 Summ           4%         N/A       22%         2
 Passwall                 Tmut/Erth      3%         N/A       22%         2
 Mephitic Cloud           Conj/Pois/Air  4%         N/A       41%         3
 Stone Arrow              Conj/Erth      8%         3d7       41%         3
 Agony                    Necr           32%        N/A       41%         5
 Summon Hydra             Summ           2%         N/A       100%        7
 Sublimation of Blood     Necr           Unusable   N/A       N/A         2
 Animate Dead             Necr           Unusable   N/A       N/A         4
 Wereblood                Tmut           Unusable   N/A       N/A         2

Dungeon Overview and Level Annotations

Branches:
Dungeon (6/15)             Temple (1/1) D:5

Altars:
Ashenzari
Cheibriados
Dithmenos
Gozag
Hepliaklqana
Makhleb
Qazlal
Trog
Wu Jian
Xom


Innate Abilities, Weirdness & Mutations

You are immune to poison.
Your flesh is cold resistant. (rC+)
You are immune to negative energy. (rN+++)
You are immune to unholy pain and torment.
You are vulnerable to heat. (rF-)
You are in touch with the powers of death.
You do not drink.


Message History

The necrophage is heavily damaged.
The necrophage hits you.
You barely miss the necrophage.
The necrophage is heavily damaged.
The necrophage hits you.
You completely miss the necrophage.
The necrophage is heavily damaged.
The necrophage hits you.
* * * LOW HITPOINT WARNING * * *
You barely miss the necrophage.
The necrophage is heavily damaged.
The necrophage barely misses you.
Unknown command.
You hit the necrophage but do no damage.
The necrophage is heavily damaged.
The necrophage hits you but does no damage.
You hit the necrophage.
The necrophage is heavily damaged.
The necrophage hits you.
* * * LOW HITPOINT WARNING * * *
Unknown command.
You can't drink.
Unknown command.
Blink to where?
Press: ? - help, Dir - move target
As you read the scroll labelled TOAPLOF LUJ, it crumbles to dust.
It was a scroll of blinking.
A jelly comes into view.
Found a leather armour.
Found 2 boomerangs.
Found 2 lumpy red potions.
A necrophage is nearby!
You see here 2 boomerangs.
An orc comes into view. It is wielding a +0 hand axe.
A centaur comes into view.
The centaur shouts!
The centaur wields a +0 shortbow.
The centaur shoots an arrow.
The arrow hits you!
You die...
Your body crumbles into a pile of gold.

........# ........#
........# ........#
####+#o.# #.# o#
.....
###########.#.
#.@.c........
#.#########.#
#.#########.######.
#....n.............
###########.######.
#(# #. #.## #.
#######.n#####.
#...........##.


You could see a centaur.

Vanquished Creatures
  A necrophage (D:5)
  A howler monkey (D:5)
  3 adders
  2 worms
  4 dart slugs
  6 orcs
  5 endoplasms
  A giant cockroach (D:2)
  6 goblins
  9 hobgoblins
  8 kobolds
  5 quokkas
  6 ball pythons
  9 bats
  5 frilled lizards
  4 rats
75 creatures vanquished.

Vanquished Creatures (collateral kills)
  2 ball pythons (D:2)
2 creatures vanquished.

Grand Total: 77 creatures vanquished

Notes
Turn   | Place    | Note
-------+----------+-------------------------------------------
     0 | D:1      | 112233 the Mummy Necromancer began the quest for the Orb.
     0 | D:1      | Reached XP level 1. HP: 13/13 MP: 4/4
   441 | D:1      | Reached XP level 2. HP: 18/19 MP: 0/5
  1243 | D:2      | Found a faded altar of an unknown god.
  1253 | D:2      | Gained mutation: You are in touch with the powers of death.
                  | [Mummy growth]
  1253 | D:2      | Reached XP level 3. HP: 22/24 MP: 5/7
  1788 | D:2      | Learned a level 3 spell: Vampiric Draining
  2511 | D:3      | Reached XP level 4. HP: 30/30 MP: 1/9
  2852 | D:3      | Found a broken altar of Ashenzari.
  3470 | D:4      | Found a stormy altar of Qazlal.
  3557 | D:4      | Noticed a steam dragon
  3759 | D:5      | Entered Level 5 of the Dungeon
  3798 | D:5      | Reached skill level 5 in Necromancy
  3798 | D:5      | Reached XP level 5. HP: 35/35 MP: 8/12
  3873 | D:5      | Found a staircase to the Ecumenical Temple.
  3923 | Temple   | Entered the Ecumenical Temple
  3972 | Temple   | Became a worshipper of Gozag Ym Sagoz the Greedy
  4217 | D:6      | Noticed a wyvern
  4217 | D:6      | Noticed an ice beast
  4233 | D:5      | Reached skill level 5 in Spellcasting
  4575 | D:5      | Noticed a centaur
  4576 | D:5      | Shot with an arrow by a centaur

Illustrated notes

Levels and vault maps discovered:
D:1:      dpeg_arrival_lava_temple_mockup, layout_loops_corners
D:2:      layout_loops_cross, nicolae_ecumenical_oubliette, minmay_pentomino_r2
D:3:      layout_loops_ring, lemuel_tele_altar
D:4:      layout_loops_ring, grunt_qazlal_clouds, nicolae_figureground_pulse
D:5:      layout_basic, lemuel_mausoleum_altar_yredelemnul, temple_doors_cd
D:6:      layout_rooms
Temple:   nicolae_temple_elliptical

Skill      XL: |  1  2  3  4  5 |
---------------+----------------+-----
Spellcasting   | 3 4 5 |  5.2
Stealth        | 2 |  2.0
Necromancy     | 5 |  5.4
Dodging        | |  1.9

Action                   |  1- 3 |  4- 6 || total
-------------------------+-------+-------++-------
Melee: Dagger            |     6 |       ||     6
       Whip              |       |    26 ||    26
 Cast: Necrotise         |    89 |    47 ||   136
  Use: Scroll            |       |     4 ||     4
Armor: Robe              |     4 |     6 ||    10
Dodge: Dodged            |    16 |    16 ||    32
